 Dungeon Crawl Stone Soup version 0.17-a0-2024-gc284f19 (webtiles) character file.

3690 Mordenkainen the Destroyer (level 9, -19/45 HPs)
             Began as a Deep Elf Wizard on Oct 10, 2015.
             Was a Believer of Vehumet.
             Killed by the air
             ... invoked by Gastronok
              (34 damage)
             ... on level 9 of the Dungeon.
             The game lasted 00:35:18 (7042 turns).

Mordenkainen the Destroyer (Deep Elf Wizard)        Turns: 7042, Time: 00:35:18

Health: -19/45     AC:  6    Str:  4    XL:     9   Next: 90%
Magic:  18/24      EV: 12    Int: 27    God:    Vehumet [**....]
Gold:   561        SH:  0    Dex: 13    Spells: 7 memorised, 10 levels left

rFire  . . .     SeeInvis .     e - +2 mace (crush)
rCold  . . .     Clarity  +     a - +0 robe
rNeg   . . .     SustAt   .     (no shield)
rPois  .         Gourm    .     b - +0 hat
rElec  .         Spirit   .     j - +2 cloak
rCorr  .         Warding  .     p - +0 pair of gloves
rMut   .         Stasis   .     (no boots)
MR     .....                    t - amulet of clarity
Stlth  ++........               (no ring)
                                (no ring)

@: not resistant to hostile enchantments, unstealthy
A: no striking features
a: Renounce Religion


You were on level 9 of the Dungeon.
You worshipped Vehumet.
Vehumet was pleased with you.
You were not hungry.

You visited 2 branches of the dungeon, and saw 10 of its levels.

You collected 561 gold pieces.

Inventory:

Hand Weapons
 e - a +2 mace of crushing (weapon)
Missiles
 k - 12 poisoned needles
 y - 2 throwing nets (quivered)
Armour
 a - a +0 robe (worn)
 b - a +0 hat (worn)
 j - a +2 cloak (worn)
 p - a +0 pair of gloves (worn)
Jewellery
 t - an amulet of clarity (around neck)
 G - an uncursed ring of protection from cold {unknown}
Wands
 C - a wand of flame (25)
Scrolls
 g - 3 scrolls of enchant armour {unknown}
 l - 2 scrolls of random uselessness {unknown}
 m - 2 scrolls of immolation {unknown}
 n - 2 scrolls of blinking {unknown}
 q - 3 scrolls of enchant weapon {unknown}
 r - 2 scrolls of recharging {unknown}
 s - 2 scrolls of remove curse {unknown}
 w - 3 scrolls of teleportation {unknown}
 x - 2 scrolls of magic mapping {unknown}
 A - a scroll of amnesia {unknown}
 D - 3 scrolls of identify {unknown}
Potions
 f - 4 potions of curing {unknown}
 i - 3 potions of magic {unknown}
 u - a potion of brilliance {unknown}
 v - a potion of cancellation {unknown}
 z - a potion of haste {unknown}
 B - a potion of resistance {unknown}
 H - a potion of cure mutation {unknown}
 I - a potion of might {unknown}
 K - a potion of poison {unknown}
Books
 c - a book of Minor Magic

   Spells                             Type                      Level
   a - Magic Dart                     Conjuration                  1
   b - Blink                          Translocation                2
   c - Call Imp                       Summoning                    2
   d - Repel Missiles                 Charms/Air                   2
   e - Slow                           Hexes                        2
   f - Conjure Flame                  Conjuration/Fire             3
   g - Mephitic Cloud                 Conjuration/Poison/Air       3
 F - a book of the Warp

   Spells                             Type                      Level
   a - Recall                         Summoning/Translocation      3
   b - Gell's Gravitas                Hexes/Translocation          3
   c - Force Lance                    Conjuration/Translocation    4
   d - Phase Shift                    Translocation                5
   e - Warp Weapon                    Charms/Translocation         5
   f - Summon Forest                  Summoning/Translocation      5
Comestibles
 d - 8 bread rations
 h - 3 meat rations
 o - 2 fruits
 E - a beef jerky
 J - 8 chunks of flesh


   Skills:
 - Level 2.4 Dodging
 - Level 2.4 Stealth
 + Level 9.8 Spellcasting
 * Level 11.4 Conjurations
 - Level 3.1 Charms
   Level 1.1 Summonings
 - Level 3.1 Translocations
 - Level 3.0 Fire Magic
 - Level 3.4 Air Magic
 - Level 3.1 Poison Magic


You had 10 spell levels left.
You knew the following spells:

 Your Spells              Type           Power        Failure   Level  Hunger
a - Magic Dart            Conj           ####         1%          1    None
b - Blink                 Tloc           N/A          1%          2    None
c - Repel Missiles        Chrm/Air       ####..       1%          2    None
d - Throw Flame           Conj/Fire      ######       1%          2    None
e - Conjure Flame         Conj/Fire      ######..     1%          3    None
f - Force Lance           Conj/Tloc      ######..     2%          4    None
h - Mephitic Cloud        Conj/Pois/Air  #####...     1%          3    None


Dungeon Overview and Level Annotations

Branches:
Dungeon (9/15)             Temple (1/1) D:4
   Lair: D:8-11         Orc: D:9-12

Altars:
Gozag
Makhleb
Nemelex Xobeh
Qazlal
Sif Muna
Vehumet
Yredelemnul

Annotations:
D:9 Gastronok


Message History

Confirm with . or Enter, or press ? or * to list all spells.
Aiming: Magic Dart
Press: ? - help, Shift-Dir - straight line, f/p - yak
Aim: a yak (almost dead, confused)
The magic dart hits the yak.
The yak is almost dead.
Gastronok's eyestalks quiver as he mumbles some strange words.
Casting: Magic Dart
Confirm with . or Enter, or press ? or * to list all spells.
Aiming: Magic Dart
Press: ? - help, Shift-Dir - straight line, f/p - yak
Aim: a yak (almost dead, confused)
The magic dart hits the yak.
You kill the yak!
Vehumet accepts your kill.
Gastronok sloshes about.
Gastronok waves his eye-stalks in wide circles.
The air twists around and strikes you!
Ouch! That really hurt!
You die...

#....# #... #.##.#
#.## #.##.# #.#
#.##.# #.# #.##.#
#.#
#.##.##########.#
#.##........>...#
#.################
########@# #
..wrbYY§.# #
<...r##### # ### #
# ##########
#.........
#.#######. ##.##
#.


You could see Gastronok, 2 yaks, a river rat, a bat and a rat.

Vanquished Creatures
  Pikel (D:4)
  3 yaks (D:9)
  Eustachio (D:4)
  A hippogriff (D:9)
  A wasp (D:9)
  2 orc warriors
  2 ice beasts (D:9)
  A black bear (D:7)
  A centaur (D:8)
  5 ogres
  A big kobold (D:8)
  3 giant frogs
  A wyvern zombie (D:9)
  3 scorpions
  2 crimson imps
  A giant frog zombie (D:7)
  A centaur skeleton (D:6)
  6 hounds
  Ijyb (D:3)
  A jelly (D:9)
  4 orc priests
  7 worker ants
  4 iguanas
  5 orc wizards
  2 hound skeletons
  9 adders
  4 gnolls (D:5)
  2 shadow imps
  2 adder zombies
  An adder skeleton (D:9)
  2 worms (D:2)
  2 giant geckos
  16 orcs
  A ball python (D:1)
  3 goblins
  7 hobgoblins
  16 jackals
  3 quokkas
  9 bats
  6 giant cockroaches
  A giant gecko zombie (D:7)
  3 giant newts
  A goblin zombie (D:4)
  A jackal skeleton (D:7)
  16 kobolds
  A quokka skeleton (D:5)
  24 rats
190 creatures vanquished.

Notes
Turn   | Place    | Note
--------------------------------------------------------------
     0 | D:1      | Mordenkainen the Deep Elf Wizard began the quest for the Orb.
     0 | D:1      | Reached XP level 1. HP: 10/10 MP: 7/7
   141 | D:1      | Reached XP level 2. HP: 9/15 MP: 6/9
   840 | D:2      | Reached XP level 3. HP: 19/19 MP: 3/10
  1609 | D:3      | Learned a level 2 spell: Blink
  1612 | D:3      | Learned a level 2 spell: Repel Missiles
  1616 | D:3      | Learned a level 3 spell: Conjure Flame
  1628 | D:3      | Reached XP level 4. HP: 24/24 MP: 12/12
  1758 | D:3      | Noticed Ijyb
  1765 | D:3      | Learned a level 3 spell: Mephitic Cloud
  1811 | D:3      | Killed Ijyb
  1839 | D:3      | Reached skill level 5 in Conjurations
  1888 | D:3      | Reached XP level 5. HP: 15/28 MP: 3/13
  2225 | D:4      | Noticed Eustachio
  2274 | D:4      | Noticed a slave
  2274 | D:4      | Noticed a slave
  2274 | D:4      | Killed Eustachio
  2274 | D:4      | Reached skill level 1 in Charms
  2274 | D:4      | Reached skill level 1 in Fire Magic
  2274 | D:4      | Reached skill level 1 in Air Magic
  2274 | D:4      | Reached skill level 1 in Poison Magic
  2274 | D:4      | Reached XP level 6. HP: 22/32 MP: 2/15
  2458 | D:4      | Reached skill level 5 in Spellcasting
  2648 | D:4      | Noticed an ogre
  2660 | D:4      | Killed an ogre
  2665 | D:4      | Reached XP level 7. HP: 22/36 MP: 0/16
  2772 | D:4      | Reached skill level 6 in Conjurations
  2793 | D:4      | Found a runed door.
  2793 | D:4      | Noticed a human
  2797 | D:4      | Found a basalt altar of Yredelemnul.
  2822 | D:4      | Noticed a slave
  2838 | D:4      | Found a deep blue altar of Sif Muna.
  2898 | D:4      | Noticed Pikel
  2906 | D:4      | Killed Pikel
  2906 | D:4      | Reached XP level 8. HP: 41/41 MP: 11/18
  2920 | D:4      | Noticed a freed slave
  3076 | D:4      | Found a staircase to the Ecumenical Temple.
  3086 | Temple   | Entered the Ecumenical Temple
  3093 | Temple   | Became a worshipper of Vehumet
  3168 | D:5      | Entered Level 5 of the Dungeon
  3577 | D:5      | Reached skill level 7 in Conjurations
  4626 | D:7      | Acquired Vehumet's first power
  4626 | D:7      | Offered knowledge of Sandblast by Vehumet.
  4756 | D:7      | Reached skill level 8 in Conjurations
  5425 | D:8      | Reached skill level 9 in Conjurations
  5481 | D:8      | Found a stormy altar of Qazlal.
  5501 | D:8      | Reached XP level 9. HP: 41/45 MP: 15/22
  5577 | D:8      | Learned a level 4 spell: Force Lance
  6313 | D:9      | Reached skill level 10 in Conjurations
  6485 | D:9      | Found an opulent altar of Gozag.
  6507 | D:9      | Paralysed by a wasp for 2 turns
  6777 | D:9      | Offered knowledge of Throw Flame by Vehumet.
  6808 | D:9      | Learned a level 2 spell: Throw Flame
  6881 | D:9      | Reached skill level 11 in Conjurations
  7037 | D:9      | Noticed Gastronok
  7042 | D:9      | Killed from afar by Gastronok

Vault maps used:
D:1:      lightli_arrival_statuegarden
D:2:      first_bread
D:3:      minmay_rat_hole, uniq_iyjb
D:4:      lemuel_round_altar, minmay_temple_entry_poolview,
          dk_yredelemnul_ordeal, uniq_pikel, uniq_eustachio
D:5:      kennysheep_generic_room_3
D:6:      portal_sewer_entry_e
D:8:      nicolae_qazlal_general_emergency
D:9:      grunt_pizzeria, grunt_gozag_statues, uniq_gastronok
Temple:   minmay_crystal_snake_temple_18

Action                   |  1- 3 |  4- 6 |  7- 9 || total
-------------------------+-------+-------+-------++-------
Melee: Mace              |    43 |    85 |   141 ||   269
Throw: Throwing net      |       |       |     1 ||     1
 Cast: Magic Dart        |    90 |    64 |   201 ||   355
       Mephitic Cloud    |       |    12 |    18 ||    30
       Blink             |       |     2 |    10 ||    12
       Conjure Flame     |       |     2 |    23 ||    25
       Force Lance       |       |       |    10 ||    10
       Repel Missiles    |       |       |     1 ||     1
 Stab: Sleeping          |     1 |       |     1 ||     2
       Confused          |       |    12 |     3 ||    15
  Eat: Chunk             |     2 |     3 |    15 ||    20
